 Dungeon Crawl Stone Soup version 0.17-a0-1174-ge06b3cc (console) character file.

130 panicbit the Covered (level 4, -2/41 HPs)
             Began as a Minotaur Fighter on May 29, 2015.
             Slain by a gnoll
             ... wielding a +0 halberd
              (5 damage)
             ... on level 3 of the Dungeon.
             The game lasted 00:07:08 (2044 turns).

panicbit the Covered (Minotaur Fighter)             Turns: 2044, Time: 00:07:08

Health: -2/41      AC:  9    Str: 21    XL:     4   Next: 90%
Magic:  3/3        EV:  6    Int:  5    God:
Gold:   108        SH:  9    Dex: 10    Spells: 0 memorised, 3 levels left

rFire  . . .     SeeInvis .     a - +0 war axe
rCold  . . .     Clarity  .     f - +0 chain mail
rNeg   + . .     SustAt   .     c - +0 shield
rPois  .         Gourm    .     (helmet restricted)
rElec  .         Spirit   .     (no cloak)
rCorr  .         Warding  .     (no gloves)
rMut   .         Stasis   .     (no boots)
MR     .....                    (no amulet)
Stlth  ..........               (no ring)
                                p - ring of positive energy

@: not resistant to hostile enchantments, extremely unstealthy
A: retaliatory headbutt, horns 2
a: no special abilities


You were on level 3 of the Dungeon.
You were not hungry.

You visited 1 branch of the dungeon, and saw 3 of its levels.

You collected 108 gold pieces.

Inventory:

Hand weapons
 a - a +0 war axe (weapon)
Armour
 b - a +0 scale mail
 c - a +0 shield (worn)
 f - a +0 chain mail (worn)
Jewellery
 p - a ring of positive energy (left hand)
Scrolls
 h - 4 scrolls of identify {unknown}
 i - a scroll of enchant weapon {unknown}
 j - 2 scrolls of enchant armour {unknown}
 o - a scroll of fear {unknown}
 q - a scroll of random uselessness {unknown}
 r - a scroll of remove curse {unknown}
Potions
 d - 2 potions of might
 k - a potion of heal wounds {unknown}
 m - 2 potions of curing {unknown}
 n - a potion of mutation {unknown}
Comestibles
 e - 3 bread rations
 g - 3 meat rations
 l - 2 slices of pizza
 s - a chunk of flesh


   Skills:
 + Level 4.5 Fighting
 + Level 3.2 Axes
 + Level 4.6 Armour
 + Level 1.6 Dodging
 + Level 0.3 Stealth
 + Level 4.4 Shields


You had 3 spell levels left.
You didn't know any spells.

Dungeon Overview and Level Annotations

Branches:
Dungeon (3/15)

Altars:

Annotations:
D:3 panicbit's ghost, average MiFi


Innate Abilities, Weirdness & Mutations

You reflexively headbutt those who attack you in melee.
You have a pair of horns on your head.


Message History

You block the gnoll's attack.
You closely miss the gnoll.
The gnoll is heavily wounded.
The gnoll hits you with a halberd.
Your shield and chain mail prevent you from hitting the gnoll.
The gnoll is heavily wounded.
The gnoll hits you with a halberd.
* * * LOW HITPOINT WARNING * * *
You barely miss the gnoll.
The gnoll is heavily wounded.
The gnoll hits you with a halberd!
* * * LOW HITPOINT WARNING * * *
The gnoll hits you but does no damage.
You closely miss the gnoll.
The gnoll is heavily wounded.
The gnoll hits you but does no damage.
You hit the gnoll. Your headbutt misses the gnoll.
The gnoll is severely wounded.
The gnoll hits you with a halberd.
You die...

########## #...#....#
#######.#.#.##.#
........#...##.#########
......g@)..#.........>..
.......###.#.#.#########
...............#....####
######. #.####....#.##..
#### #. #......#..#.##.#
...# #.#######.#..#.##..
...# #. . ####....#.####
...# ## #.#.......#....#
#### #.#.##########.#
######## #..........#
#.# ........
###.######.# #.#


You could see a gnoll.

Vanquished Creatures
  An orc wizard (D:3)
  2 adders (D:3)
  3 gnolls (D:3)
  An ooze (D:3)
  A worm (D:2)
  2 orcs (D:3)
  5 bats
  2 giant cockroaches
  2 hobgoblins (D:1)
  6 kobolds
  3 ball pythons
  2 giant geckos (D:1)
  6 giant newts
  10 goblins
  5 rats
51 creatures vanquished.

Notes
Turn   | Place    | Note
--------------------------------------------------------------
     0 | D:1      | panicbit the Minotaur Fighter began the quest for the Orb.
     0 | D:1      | Reached XP level 1. HP: 19/19 MP: 0/0
   151 | D:1      | Reached XP level 2. HP: 27/27 MP: 1/1
   221 | D:1      | Reached skill level 4 in Fighting
   757 | D:2      | Reached XP level 3. HP: 33/33 MP: 2/2
  1107 | D:3      | Noticed panicbit's ghost (average MiFi)
  1734 | D:3      | Reached XP level 4. HP: 38/41 MP: 3/3
  1774 | D:3      | Reached skill level 1 in Dodging
  2044 | D:3      | Slain by a gnoll

Vault maps used:
D:1:      ncdulo_halloftheorcs, hangedman_decor_push, minmay_misc_feat_pillars,
          serial_bayou_lagoon_a, minmay_misc_feat_five, minmay_misc_feat_roman
D:2:      first_bread
D:3:      saegor_snake_ambush

Action                   |  1- 3 |  4- 6 || total
-------------------------+-------+-------++-------
Melee: War axe           |    96 |    37 ||   133
  Eat: Chunk             |     3 |     1 ||     4
